 Dungeon Crawl Stone Soup version 0.31-a0-240-gb923e448b6 (webtiles) character file.

Game seed: 2740599692662251680

74 Harunobu the Trooper (level 4, 0/29 HPs)
             Began as a Gargoyle Monk on July 12, 2023.
             Slain by Ijyb
             ... wielding a +0 club
              (4 damage)
             ... on level 3 of the Dungeon.
             The game lasted 00:04:01 (1887 turns).

Harunobu the Trooper (Gargoyle Monk)                Turns: 1887, Time: 00:04:02

Health: 0/29       AC: 10    Str: 16    XL:     4   Next: 28%
Magic:  4/4        EV: 10    Int: 11    God:
Gold:   21         SH:  0    Dex: 12    Spells: 3/3 levels left

rFire   . . .        l - +5 dagger
rCold   . . .        d - orb {light}
rNeg    + . .        g - +0 scale mail
rPois   ∞            (no helmet)
rElec   +            (no cloak)
rCorr   .            r - +0 pair of gloves
SInv    .            (no boots)
Will    .....        (no amulet) Stlth
                     (no ring)
HPRegen 0.24/turn    (no ring)
MPRegen 0.09/turn

%: no passive effects
@: glowing
A: sickness immunity, AC +3, negative energy resistance 1, electricity
resistance, torment resistance 1, petrification resistance
a: no special abilities


You were on level 3 of the Dungeon.
You visited 1 branch of the dungeon, and saw 3 of its levels.

You collected 114 gold pieces.
You spent 93 gold pieces at shops.

Inventory:

Hand Weapons
 a - a +0 mace
 f - a +3 dagger
 l - a +5 dagger (weapon)
 p - a +2 vampiric dagger
Armour
 b - a +0 robe
 d - an orb of light (worn)
 g - a +0 scale mail (worn)
 r - a +0 pair of gloves (worn)
Scrolls
 e - 2 scrolls of teleportation {unknown}
 j - a scroll of silence {unknown}
 m - a scroll of fear {unknown}
 n - a scroll of enchant weapon {unknown}
 o - 3 scrolls of identify {unknown}
 q - a scroll of torment {unknown}
 t - a scroll of enchant armour {unknown}
 u - a scroll of amnesia {unknown}
Potions
 c - a potion of ambrosia
 h - a potion of might {unknown}
 i - 2 potions of curing
 k - 4 potions of degeneration
 s - a potion of heal wounds


   Skills:
 + Level 4.2 Fighting
 + Level 3.7 Maces & Flails
 + Level 3.1 Dodging


You had 3 spell levels left.
You didn't know any spells.
Your spell library contained the following spells:

 Spells                   Type           Power      Damage    Failure   Level
 Frozen Ramparts          Ice            0%         1d1       99%         3
 Petrify                  Tmut/Erth      0%         N/A       100%        4
 Metabolic Englaciation   Hex/Ice        0%         N/A       100%        5


Dungeon Overview and Level Annotations

Branches:
Dungeon (3/15)

Altars:
Hepliaklqana
Uskayaw

Shops:
D:3 *!

Annotations:
D:3 Ijyb


Innate Abilities, Weirdness & Mutations

You are immune to sickness and miasma.
Your stone body is resilient. (AC +3)
You are immune to poison.
You resist negative energy. (rN+)
You are resistant to electric shocks. (rElec)
You are resistant to unholy torment.
You are immune to petrification.


Message History

Ijyb the Twisted Goblin comes into view.
She is wielding a +0 club and carrying a wand of acid (2).
Ijyb shouts!
Ijyb screams, "It's all mine!"
An adder comes into view.
The adder hisses angrily.
Ijyb hits you with a +0 club.
You hit Ijyb but do no damage.
Ijyb zaps a wand.
The bolt of acid hits you!
You hit Ijyb but do no damage. Ijyb hits you with a +0 club.
You hit Ijyb.
Ijyb is lightly wounded.
Ijyb barely misses you.
You hit Ijyb.
Ijyb is moderately wounded.
Ijyb closely misses you.
You hit Ijyb but do no damage.
Ijyb is moderately wounded.
Ijyb barely misses you.
You hit Ijyb.
Ijyb is moderately wounded.
Ijyb zaps a wand.
The bolt of acid hits you!
* * * LOW HITPOINT WARNING * * *
The now-empty wand crumbles to dust.
You puncture Ijyb!
Ijyb is severely wounded.
Ijyb hits you with a +0 club.
* * * LOW HITPOINT WARNING * * *
You closely miss Ijyb.
Ijyb is severely wounded.
Ijyb hits you but does no damage.
You barely miss Ijyb.
Ijyb is severely wounded.
Ijyb barely misses you.
You hit Ijyb.
Ijyb is almost dead.
Ijyb hits you with a +0 club.
* * * LOW HITPOINT WARNING * * *
You hit Ijyb but do no damage.
Ijyb is almost dead.
Ijyb hits you with a +0 club.
You die...

######### #.......#
#.#####.####
#############.#####.#...
#....Sg@....#..∩.).....#
...########.#.#####....#
###.............
#.>...÷.####....
#...(#.#.# ##.#.
....#....#.# #.###
#.#....#.#.# ##.#. #
##...#.#.# ##..
#.....#.# #####.


You could see Ijyb and an adder.

Vanquished Creatures
  3 dart slugs
  8 bats
  8 endoplasms
  3 giant cockroaches
  11 goblins
  4 hobgoblins
  A jackal (D:2)
  3 quokkas
  6 ball pythons
  2 frilled lizards (D:2)
  6 kobolds
  3 rats
58 creatures vanquished.

Notes
Turn   | Place    | Note
-------+----------+-------------------------------------------
     0 | D:1      | Harunobu the Gargoyle Monk began the quest for the Orb.
     0 | D:1      | Reached XP level 1. HP: 14/14 MP: 1/1
    68 | D:1      | Reached XP level 2. HP: 19/19 MP: 2/2
   506 | D:1      | Reached XP level 3. HP: 24/24 MP: 3/3
   671 | D:2      | Found a hazy altar of Hepliaklqana.
  1012 | D:2      | Reached skill level 4 in Fighting
  1261 | D:2      | Reached XP level 4. HP: 27/29 MP: 4/4
  1604 | D:3      | Found Pedax's Distillery.
  1613 | D:3      | Bought a potion of degeneration for 10 gold pieces
  1613 | D:3      | Bought a potion of heal wounds for 50 gold pieces
  1753 | D:3      | Noticed a +0 hand axe
  1753 | D:3      | Noticed a +0 hand axe
  1782 | D:3      | Found Elet's General Store.
  1791 | D:3      | Bought a potion of curing for 33 gold pieces
  1795 | D:3      | Found a hide-covered altar of Uskayaw.
  1826 | D:3      | Identified the +1 quarterstaff "Uneph" {protect, Fly rElec
                  | Str+3}
  1873 | D:3      | Noticed Ijyb
  1887 | D:3      | Slain by Ijyb

Illustrated notes

Levels and vault maps discovered:
D:1:      minmay_arrival_glassed_features, layout_loops_ring,
          minmay_misc_feat_columns, st_stairs_3, grunt_decor_clamped
D:2:      minmay_recursive_quarters, layout_basic, basic_altar, minmay_3d_cube
D:3:      layout_loops_ring, dancing_weapons_uskayaw,
          lemuel_coloured_pillars_altar, serial_shops, shop, shop, shop,
          uniq_sigmund, uniq_ijyb

Skill      XL: |  1  2  3 |
---------------+----------+-----
Fighting       | 4 |  4.2
Dodging        | 3 |  3.1
Maces & Flails | |  3.7

Action                     |  1- 3 |  4- 6 || total
---------------------------+-------+-------++-------
  Melee: Mace              |    21 |       ||    21
         Dagger            |    88 |    35 ||   123
 Armour: Robe              |     7 |       ||     7
         Scale mail        |    33 |    16 ||    49
  Dodge: Dodged            |    67 |    20 ||    87

Table legend: (Time is in decaauts)
 A = Elapsed time spent in this place.
 B = Non-inter-level travel time spent in this place.
 C = Inter-level travel time spent in this place.
 D = Time resting spent in this place.
 E = Time spent auto-exploring this place.
 F = Levels seen in this place.
 G = Mean time per level.
                   A        B        C        D        E       F      G
               +--------+--------+--------+--------+--------+-----+--------+
         Total |   1891 |   1863 |     28 |     25 |   1383 |   3 |  630.3 |
       Dungeon |   1891 |   1863 |     28 |     25 |   1383 |   3 |  630.3 |
               +--------+--------+--------+--------+--------+-----+--------+

Top non-repeatable levels by time:
     D:2: 911 daAuts
     D:1: 667 daAuts
     D:3: 312 daAuts
